 Dungeon Crawl Stone Soup version 0.20.0-10-g0535bb4 (webtiles) character file.

3376 anfisbena the Carver (level 9, -7/63 HPs)
             Began as a Demonspawn Abyssal Knight on June 6, 2017.
             Was an Elder of Lugonu.
             Mangled by a yak (9 damage)
             ... on level 8 of the Dungeon.
             The game lasted 00:08:04 (7723 turns).

anfisbena the Carver (Demonspawn Abyssal Knight)    Turns: 7723, Time: 00:08:05

Health: -7/63      AC: 10    Str: 19    XL:     9   Next: 74%
Magic:  15/15      EV: 11    Int: 19    God:    Lugonu [****..]
Gold:   476        SH:  0    Dex: 13    Spells: 8/8 levels left

rFire    . . .     SeeInvis .   k - +8 rapier of the Moth {elec, rElec rC- Str+7 Int+2}
rCold    . . .     Gourm    .   (no shield)
rNeg     . . .     Faith    .   E - +3 leather armour {MR+}
rPois    .         Spirit   .   (no helmet)
rElec    +         Reflect  .   y - +0 cloak
rCorr    .         Harm     .   l - +0 pair of gloves
MR       +....                  (no boots)
Stlth    +.........             (no amulet)
Regen    1.2/turn               z - ring of protection from cold
MPRegen  0.2/turn               (no ring)

@: lethally poisoned (-7 -> -7)
A: thin metallic scales 1, powered by death 2
a: Depart the Abyss, Bend Space, Banish, Corrupt, Renounce Religion


You were on level 8 of the Dungeon.
You worshipped Lugonu.
Lugonu was greatly pleased with you.
You were not hungry.

You visited 1 branch of the dungeon, and saw 8 of its levels.
You visited the Abyss 1 time.

You collected 476 gold pieces.

Inventory:

Hand Weapons
 a - a +1 falchion
 k - the +8 rapier of the Moth (weapon) {elec, rElec rC- Str+7 Int+2}
   (You found it on level 4 of the Dungeon)

   Occasionally, upon striking a foe, it will discharge some electrical energy
   and cause terrible harm.
   It affects your strength (+7).
   It affects your intelligence (+2).
   It makes you vulnerable to cold.
   It insulates you from electricity.
Armour
 l - a +0 pair of gloves (worn)
 v - a +1 scale mail of fire resistance
 y - a +0 cloak (worn)
 E - a +3 leather armour of magic resistance (worn)
Jewellery
 z - a ring of protection from cold (left hand)
Wands
 u - a wand of lightning (6/15)
 C - a wand of scattershot (3/9)
Scrolls
 d - 3 scrolls of teleportation
 e - 7 scrolls of remove curse
 f - a scroll of immolation {unknown}
 i - 5 scrolls of identify
 q - 4 scrolls of fog {unknown}
 t - a scroll of recharging {unknown}
 w - 2 scrolls of enchant armour {unknown}
Potions
 b - 2 potions of flight {unknown}
 g - a potion of haste {unknown}
 h - a potion of mutation {unknown}
 j - 2 potions of brilliance {unknown}
 m - 3 potions of agility
 n - a potion of cancellation {unknown}
 p - 7 potions of curing
 A - 3 potions of heal wounds {unknown}
 B - a potion of lignification {unknown}
 D - 2 potions of degeneration {unknown}
Books
 r - the Collected Works on Hurtful Snow
   (You found it on level 4 of the Dungeon)

   Spells                             Type                      Level
   a - Sting                          Conjuration/Poison           1
   b - Dazzling Spray                 Conjuration/Hexes            3
   c - Throw Icicle                   Conjuration/Ice              4
   d - Iron Shot                      Conjuration/Earth            6
   e - Ozocubu's Refrigeration        Ice                          6
Comestibles
 c - 7 bread rations
 o - 3 fruits
 s - 3 royal jellies
 x - 3 meat rations
 F - 2 chunks of flesh


   Skills:
 - Level 3.0 Fighting
 * Level 11.5 Long Blades
 - Level 1.7 Armour
 - Level 0.8 Dodging
 - Level 8.0 Invocations


You had 8 spell levels left.
You didn't know any spells.

Dungeon Overview and Level Annotations

Branches:
Dungeon (8/15)             Temple (0/1) D:6
   Lair: D:8-11

Altars:
Dithmenos
Gozag
Nemelex Xobeh
Trog
Zin

Annotations:
D:4 2 runed doors


Innate Abilities, Weirdness & Mutations

You are partially covered in thin metallic scales. (AC +2)
You regenerate health from kills.


Message History

You kill the adder!
Lugonu accepts your kill.
You feel sick.
You hit the yak.
The yak is lightly wounded.
The yak gores you but does no damage.
You hit the yak.
The yak is lightly wounded.
The yak gores you.
* * * LOW HITPOINT WARNING * * *
You puncture the yak!
The yak is heavily wounded.
You hit the yak.
The yak is heavily wounded.
You feel sick. The yak gores you!
* * * LOW HITPOINT WARNING * * *
You hit the yak but do no damage. Lightning courses through the yak!
The yak is almost dead.
The yak gores you!
You die...

#...... ...
#...... ..#####
#.....# .......
#.^...##.......
#.....))..l...#
#......##.....#
#......# ....#
####)#.# ...#
#@YY..# ..#
#####....# ##
#.....# ##.#.##
.#.# .. # ###


You could see 2 yaks.

Vanquished Creatures
  Grinder (D:4)
  A hippogriff (D:7)
  A wyvern (D:8)
  4 yaks (D:8)
  Menkaure (D:7)
  Duvessa (D:7)
  5 ogres
  A sky beast (D:7)
  2 ice beasts
  A centaur (D:6)
  2 bullfrogs (D:6)
  A gnoll sergeant (D:7)
  Dowan (D:7)
  A scorpion (D:4)
  A water moccasin skeleton (D:5)
  A crimson imp (D:4)
  3 jellies
  2 hounds
  An orc priest (D:6)
  A centaur skeleton (D:5)
  5 orc wizards
  Crazy Yiuf (D:7)
  A bullfrog skeleton (D:6)
  2 iguanas
  A worker ant (D:4)
  A hound zombie (D:7)
  A worker ant zombie (D:7)
  16 adders
  12 gnolls
  A shadow imp (D:5)
  2 oozes
  3 adder skeletons
  2 worms
  2 dart slugs (D:1)
  6 leopard geckos
  20 orcs
  9 bats
  3 giant cockroaches
  5 goblins
  6 hobgoblins
  10 jackals
  A quokka (D:6)
  7 frilled lizards
  6 kobolds
  2 leopard gecko skeletons (D:4)
  7 rats
164 creatures vanquished.

Notes
Turn   | Place    | Note
-------+----------+-------------------------------------------
     0 | Abyss:1  | anfisbena the Demonspawn Abyssal Knight began the quest for the Orb.
     0 | Abyss:1  | Reached XP level 1. HP: 18/18 MP: 2/2
    81 | Abyss:1  | Noticed a vampire mage
    97 | Abyss:2  | Found a corrupted altar of Lugonu.
   115 | Abyss:2  | Noticed a chaos spawn
   117 | Abyss:2  | Noticed a crimson imp
   125 | D:1      | Escaped the Abyss
   258 | D:1      | Reached skill level 2 in Long Blades
   393 | D:1      | Gained mutation: You regenerate a little health from kills. [demonic ancestry]
   393 | D:1      | Reached XP level 2. HP: 24/24 MP: 4/4
   422 | D:1      | Reached * piety under Lugonu
  1022 | D:1      | Found a sparkling altar of Nemelex Xobeh.
  1339 | D:2      | Reached XP level 3. HP: 29/29 MP: 5/5
  1382 | D:2      | Found a bloodstained altar of Trog.
  1403 | D:2      | Reached skill level 3 in Long Blades
  1507 | D:2      | Reached XP level 4. HP: 26/35 MP: 7/7
  1636 | D:2      | Found a faded altar of an unknown god.
  1970 | D:2      | Reached ** piety under Lugonu
  2551 | D:2      | Found an opulent altar of Gozag.
  2941 | D:3      | Reached XP level 5. HP: 25/41 MP: 8/8
  3399 | D:3      | Reached skill level 4 in Long Blades
  3757 | D:4      | Reached skill level 5 in Invocations
  3780 | D:4      | Noticed an ogre
  3805 | D:4      | Killed an ogre
  3805 | D:4      | Reached XP level 6. HP: 12/47 MP: 8/10
  4336 | D:4      | Found a large runed door.
  4337 | D:4      | Found a large runed door.
  4411 | D:4      | Found a large runed door.
  4411 | D:4      | Found a large runed door.
  4426 | D:4      | Reached skill level 5 in Long Blades
  4487 | D:4      | Got a warped rapier
  4511 | D:4      | Identified the +8 rapier of the Moth {elec, rElec rC- Str+7 Int+2} (You found it on level 4 of the Dungeon)
  4537 | D:4      | Noticed Grinder
  4555 | D:4      | Killed Grinder
  4555 | D:4      | Gained mutation: You regenerate health from kills. [demonic ancestry]
  4555 | D:4      | Reached XP level 7. HP: 7/52 MP: 11/11
  4866 | D:4      | Reached *** piety under Lugonu
  4908 | D:4      | Reached skill level 6 in Long Blades
  5234 | D:4      | Identified the Collected Works on Hurtful Snow
  5274 | D:5      | Entered Level 5 of the Dungeon
  5601 | D:5      | Found a glowing silver altar of Zin.
  5616 | D:5      | Found a shadowy altar of Dithmenos.
  5851 | D:6      | Reached XP level 8. HP: 58/58 MP: 13/13
  5875 | D:6      | Reached skill level 7 in Long Blades
  6047 | D:6      | Found a staircase to the Ecumenical Temple.
  6364 | D:6      | Reached skill level 8 in Long Blades
  6509 | D:6      | Found a sparkling altar of Nemelex Xobeh.
  6752 | D:7      | Reached **** piety under Lugonu
  6758 | D:7      | Reached skill level 9 in Long Blades
  6992 | D:7      | Noticed Menkaure
  6997 | D:7      | Killed Menkaure
  7138 | D:7      | Gained mutation: You are partially covered in thin metallic scales. (AC +2) [demonic ancestry]
  7138 | D:7      | Reached XP level 9. HP: 54/63 MP: 15/15
  7214 | D:7      | Reached skill level 10 in Long Blades
  7339 | D:7      | Found a runed door.
  7527 | D:7      | Noticed Duvessa
  7527 | D:7      | Noticed Dowan
  7537 | D:7      | Killed Duvessa
  7545 | D:7      | Killed Dowan
  7609 | D:7      | Noticed Crazy Yiuf
  7612 | D:7      | Killed Crazy Yiuf
  7697 | D:8      | Reached skill level 11 in Long Blades
  7722 | D:8      | HP: 1/63 [yak (11)]
  7723 | D:8      | Mangled by a yak

Skill      XL: |  1  2  3  4  5  6  7  8  9 |
---------------+----------------------------+-----
Long Blades    | 2 3 4 5 6 9 11 | 11.5
Invocations    | 3 4 5 6 7 8 |  8.0
Fighting       | |  3.0
Armour         | |  1.7
Dodging        | |  0.8

Action                   |  1- 3 |  4- 6 |  7- 9 || total
-------------------------+-------+-------+-------++-------
Melee: Falchion          |   118 |    48 |       ||   166
       Dagger            |       |   173 |       ||   173
       Rapier            |       |    14 |   262 ||   276
Invok: Depart the Abyss  |     1 |       |       ||     1
  Use: Scroll            |     7 |     2 |       ||     9
 Stab: Sleeping          |     1 |       |       ||     1
  Eat: Chunk             |     2 |     9 |    11 ||    22
Armor: Leather armour    |     4 |       |    15 ||    19
       Robe              |    15 |       |       ||    15
       Scale mail        |    46 |    96 |    88 ||   230
Dodge: Dodged            |    71 |   108 |    85 ||   264
       Rpst.: Falchion   |    17 |     5 |       ||    22
